 Dungeon Crawl Stone Soup version 0.30-a0-578-gdee14c521f (webtiles) character file.

Game seed: 2023689864249883316

37 ryw the Grave Robber (level 3, -1/28 HPs)
             Began as a Hill Orc Necromancer on Dec 31, 2022.
             Slain by a worm (11 damage)
             ... on level 2 of the Dungeon.
             The game lasted 00:02:15 (1397 turns).

ryw the Grave Robber (Hill Orc Necromancer)         Turns: 1397, Time: 00:02:15

Health: -1/28      AC:  2    Str: 12    XL:     3   Next: 39%
Magic:  3/5        EV: 12    Int: 15    God:
Gold:   73         SH:  0    Dex: 11    Spells: 4/5 levels left

rFire   . . .      SeeInvis +    h - +0 hand axe (flame)
rCold   . . .      Faith    .    (no shield)
rNeg    . . .      Spirit   .    a - +0 robe
rPois   .          Reflect  .    (no helmet)
rElec   .          Harm     .    (no cloak)
rCorr   .          Rampage  .    (no gloves)
Will    +....                    (no boots)
Stlth   ++                       (no amulet)
HPRegen 0.24/turn                o - ring of see invisible
MPRegen 0.09/turn                r - ring of willpower

@: no status effects
A: no striking features
a: no special abilities


You were on level 2 of the Dungeon.
You visited 1 branch of the dungeon, and saw 2 of its levels.

You collected 73 gold pieces.

Inventory:

Hand Weapons
 d - a +2 short sword of venom
 h - a +0 hand axe of flaming (weapon)
Missiles
 p - 3 curare-tipped darts (quivered)
Armour
 a - a +0 robe (worn)
Jewellery
 m - a ring of protection from fire
 o - a ring of see invisible (left hand)
 r - a ring of willpower (right hand)
Scrolls
 f - a scroll of fear {unknown}
 k - a scroll of blinking {unknown}
 n - 2 scrolls of identify {unknown}
Potions
 b - 2 potions of magic
 c - a potion of invisibility {unknown}
 e - a potion of haste {unknown}
 g - 3 potions of curing {unknown}
 i - a potion of berserk rage {unknown}
 j - a potion of heal wounds {unknown}
 l - a potion of might {unknown}
 q - a potion of flight {unknown}


   Skills:
 + Level 1.3 Fighting
 * Level 1.4 Axes
 + Level 1.0 Armour
 * Level 2.2 Dodging
 - Level 1.5 Stealth
 - Level 1.6 Spellcasting
 - Level 4.0 Necromancy


You had 4 spell levels left.
You knew the following spells:

 Your Spells              Type           Power      Damage    Failure   Level
a - Necrotise             Necr           52%        1d6       4%          1

Your spell library contained the following spells:

 Spells                   Type           Power      Damage    Failure   Level
 Vampiric Draining        Necr           13%        2d6       13%         3
 Animate Dead             Necr           13%        N/A       41%         4
 Agony                    Necr           13%        N/A       77%         5


Dungeon Overview and Level Annotations

Branches:
Dungeon (2/15)

Altars:


Message History

No target in view!
No target in view!
A worm comes into view.
Found a plate armour and a leather armour.
An endoplasm comes into view.
The endoplasm quivers.
The endoplasm moves out of view.
You see here a scroll labelled HOIPAU QOINOI.
n - 2 scrolls labelled HOIPAU QOINOI (gained 1)
You hit the endoplasm. You burn the endoplasm.
You kill the endoplasm!
The worm barely misses you.
You barely miss the worm. You punch the worm.
The worm is lightly wounded.
The worm bites you.
You barely miss the worm.
The worm is lightly wounded.
You slash the worm! You burn the worm.
The worm is severely wounded.
The worm bites you!
You barely miss the worm.
The worm is severely wounded.
The worm bites you!
You are too injured to fight recklessly!
You are too injured to fight recklessly!
Sorry, you're not good enough to have a special ability.
Unknown command.
Casting: Necrotise (safe; 4% risk of failure)
Confirm with . or Enter, or press ? or * to list all spells.
Aiming: Necrotise (safe; 4% risk of failure)
Press: ? - help, Shift-Dir - straight line, f - worm
Aim: a worm (heavily wounded, chance to affect: 76%)
The worm writhes in agony.
Casting: Necrotise (safe; 4% risk of failure)
Confirm with . or Enter, or press ? or * to list all spells.
Aiming: Necrotise (safe; 4% risk of failure)
Press: ? - help, Shift-Dir - straight line, f/p - worm
Aim: a worm (almost dead, chance to affect: 76%)
The worm writhes in agony.
The worm bites you!
You die...

....# ..#. ......# ....
... ......# #.># #..
......# #..## .. [.....#
# #...# #. ......#
#.#.#.### #.#......#
#.......####........#
#.......###...###w#
###..#..# #.#...@.#
##.#..# #.#####........
....# #...###.#..##.# .
#...# #............. .
##..###.#............
.#####....#..........###.
...<............###[..
.................##...#
...................


You could see a worm.

Vanquished Creatures
  A dart slug (D:1)
  4 ball pythons
  4 endoplasms
  A giant cockroach (D:1)
  2 goblins (D:1)
  5 hobgoblins (D:1)
  2 jackals (D:1)
  2 quokkas (D:1)
  A bat (D:1)
  A frilled lizard (D:1)
  4 kobolds (D:1)
  2 rats (D:1)
29 creatures vanquished.

Notes
Turn   | Place    | Note
-------+----------+-------------------------------------------
     0 | D:1      | ryw the Hill Orc Necromancer began the quest for the Orb.
     0 | D:1      | Reached XP level 1. HP: 14/14 MP: 3/3
   160 | D:1      | Reached XP level 2. HP: 14/22 MP: 4/4
   347 | D:1      | Reached skill level 1 in Fighting
   484 | D:1      | Reached skill level 1 in Axes
   593 | D:1      | Reached XP level 3. HP: 28/28 MP: 5/5
   699 | D:1      | Found a faded altar of an unknown god.
  1159 | D:1      | Reached skill level 1 in Armour
  1397 | D:2      | Slain by a worm

Illustrated notes

Levels and vault maps discovered:
D:1:      dpeg_arrival_short_road, layout_loops_ring,
          shapermc_ecumenical_altar_notcrosses
D:2:      layout_rooms

Skill      XL: |  1  2  3 |
---------------+----------+-----
Fighting       | 1 |  1.3
Dodging        | 2 |  2.2
Axes           | 1 |  1.4
Armour         | 1 |  1.0
Stealth        | |  1.5
Spellcasting   | |  1.6
Necromancy     | |  4.0

Action                   || total
-------------------------++-------
Melee: Short sword       ||    11
       Unarmed           ||     1
       Hand axe          ||    73
       Punch             ||     1
 Cast: Necrotise         ||     7
 Stab: Sleeping          ||     6
Armor: Robe              ||    12
Dodge: Dodged            ||    52

Table legend: (Time is in decaauts)
 A = Elapsed time spent in this place.
 B = Non-inter-level travel time spent in this place.
 C = Inter-level travel time spent in this place.
 D = Time resting spent in this place.
 E = Time spent auto-exploring this place.
 F = Levels seen in this place.
 G = Mean time per level.
                   A        B        C        D        E       F      G
               +--------+--------+--------+--------+--------+-----+--------+
         Total |   1411 |   1399 |     12 |    309 |    816 |   2 |  705.5 |
       Dungeon |   1411 |   1399 |     12 |    309 |    816 |   2 |  705.5 |
               +--------+--------+--------+--------+--------+-----+--------+

Top non-repeatable levels by time:
     D:1: 1351 daAuts
     D:2: 60 daAuts
